 Dungeon Crawl Stone Soup version 0.18.1-48-g4cf74bf (webtiles) character file.

152 Hector the Shield-Bearer (level 5, -4/41 HPs)
             Began as a Human Fighter on Sept 10, 2016.
             Succumbed to a scorpion's poison
             ... on level 4 of the Dungeon.
             The game lasted 00:05:16 (2343 turns).

Hector the Shield-Bearer (Human Fighter)            Turns: 2343, Time: 00:05:17

Health: -4/41      AC:  8    Str: 21    XL:     5   Next: 60%
Magic:  5/5        EV: 10    Int:  9    God:
Gold:   134        SH:  0    Dex: 13    Spells: 0 memorised, 4 levels left

rFire  . . .     SeeInvis .     w - +0 great sword
rCold  . . .     Gourm    .     g - +0 ring mail (curse)
rNeg   . . .     Faith    .     (shield currently unavailable)
rPois  .         Spirit   .     q - +1 helmet
rElec  .         Dismiss  .     (no cloak)
rCorr  .         Reflect  .     y - +0 pair of gloves
SustAt .         Harm     .     (no boots)
MR     .....                    (no amulet)
Stlth  +.........               (no ring)
                                (no ring)

@: mighty, lethally poisoned (-4 -> -45), not resistant to hostile enchantments,
very unstealthy
A: no striking features
a: no special abilities


You were on level 4 of the Dungeon.
You were very hungry.

You visited 1 branch of the dungeon, and saw 4 of its levels.

You collected 134 gold pieces.

Inventory:

Hand Weapons
 a - a +0 trident
 w - a +0 great sword (weapon)
Missiles
 j - 2 javelins (quivered)
 p - 21 arrows
Armour
 b - a +0 scale mail
 c - a +0 shield
 g - a cursed +0 ring mail (worn)
 q - a +1 helmet (worn)
 y - a +0 pair of gloves (worn)
Scrolls
 h - 3 scrolls of identify {unknown}
 k - a scroll of random uselessness {unknown}
 m - 2 scrolls of blinking {unknown}
 o - a scroll of enchant weapon {unknown}
 s - 2 scrolls of fear {unknown}
 t - 2 scrolls of teleportation {unknown}
Potions
 e - a potion of flight {unknown}
 i - a potion of curing {unknown}
 n - 3 potions of berserk rage {unknown}
 r - a potion of magic {unknown}
 u - a potion of haste {unknown}
 v - a potion of heal wounds {unknown}
 x - 2 potions of brilliance {unknown}
Comestibles
 f - 2 bread rations
 l - a slice of pizza


   Skills:
 - Level 3.0 Fighting
 * Level 2.8 Long Blades
 - Level 3.2 Polearms
 - Level 3.0 Armour
 - Level 4.2 Shields


You had 4 spell levels left.
You didn't know any spells.

Dungeon Overview and Level Annotations

Branches:
Dungeon (4/15)
 Temple: D:4-7

Altars:
Ashenzari
Gozag
Nemelex Xobeh

Shops:
D:2 *

Annotations:
D:2 Sigmund


Message History

Your Long Blades skill increases to level 2!
You feel very sick. The bat hits you but does no damage. x2
The scorpion stings you but does no damage. x2
You barely miss the scorpion.
You feel very sick. The bat hits you but does no damage. x4
The scorpion stings you but does no damage.
You are feeling very hungry.
You barely miss the scorpion.
* * * LOW HITPOINT WARNING * * *
You feel sick. The bat barely misses you. The scorpion stings you.
* * * LOW HITPOINT WARNING * * *
You are more poisoned.
The scorpion poisons you! The scorpion stings you.
* * * LOW HITPOINT WARNING * * *
You are more poisoned.
The scorpion poisons you!
Your ring mail prevents you from hitting the scorpion.
You die...

. #.# ..###
$..## #.b#
#######.#
#.....@s#
#.......#
#.....###
#.....#
#######.#.##
#.........####<.
#(##....#....#.#
#.###.....#.#
#.###.?...#.#


You could see a scorpion and a bat.

Vanquished Creatures
  A scorpion (D:4)
  A hound skeleton (D:4)
  An adder (D:2)
  3 worms
  3 dart slugs
  4 giant geckos
  5 bats
  A bat skeleton (D:2)
  A bat zombie (D:2)
  6 giant cockroaches
  6 goblins
  12 hobgoblins
  6 giant newts
  6 kobolds (D:2)
  4 rats
60 creatures vanquished.

Notes
Turn   | Place    | Note
--------------------------------------------------------------
     0 | D:1      | Hector the Human Fighter began the quest for the Orb.
     0 | D:1      | Reached XP level 1. HP: 18/18 MP: 1/1
    34 | D:1      | Reached XP level 2. HP: 17/24 MP: 2/2
   603 | D:1      | Reached XP level 3. HP: 27/29 MP: 3/3
  1145 | D:2      | Found a shattered altar of Ashenzari.
  1348 | D:2      | Reached XP level 4. HP: 35/35 MP: 4/4
  1357 | D:2      | Reached skill level 4 in Shields
  1565 | D:2      | Found an opulent altar of Gozag.
  1569 | D:2      | Found Gozag's Platinum Reserve.
  1684 | D:2      | Noticed Sigmund
  2114 | D:3      | Found a sparkling altar of Nemelex Xobeh.
  2122 | D:3      | Reached skill level 1 in Long Blades
  2303 | D:4      | Reached XP level 5. HP: 41/41 MP: 5/5
  2342 | D:4      | HP: 1/41 [scorpion (5)]
  2343 | D:4      | Succumbed to a scorpion's poison

Skill      XL: |  1  2  3  4  5 |
---------------+----------------+-----
Polearms       | 3 |  3.2
Shields        | 4 |  4.2
Long Blades    | 1 2 |  2.8
Fighting       | |  3.0
Armour         | |  3.0

Action                   |  1- 3 |  4- 6 || total
-------------------------+-------+-------++-------
Melee: Trident           |   102 |    82 ||   184
       Great sword       |       |    50 ||    50
  Use: Potion            |       |     1 ||     1
  Eat: Chunk             |     1 |     3 ||     4
Armor: Scale mail        |     1 |       ||     1
       Ring mail         |    22 |   114 ||   136
Dodge: Dodged            |    23 |   108 ||   131
Block: Shield            |    44 |    82 ||   126
